 Dungeon Crawl Stone Soup version 0.28.0-43-g3370ac3207 (webtiles) character file.

Game seed: 14693964520412994833

399 Jerry the Chucker (level 6, -16/55 HPs)
             Began as a Troll Hunter on Mar 25, 2022.
             Was an Initiate of Gozag.
             Demolished by an ogre
             ... wielding a +0 giant club
              (21 damage)
             ... on level 5 of the Dungeon on Mar 28, 2022.
             The game lasted 00:12:31 (3559 turns).

Jerry the Chucker (Troll Hunter)                    Turns: 3559, Time: 00:12:31

Health: -16/55     AC:  4    Str: 21    XL:     6   Next: 54%
Magic:  5/5        EV: 10    Int:  7    God:    Gozag
Gold:   298        SH:  0    Dex: 12    Spells: 5/5 levels left

rFire   . . .      SeeInvis .   h - +0 whip
rCold   . . .      Faith    .   (no shield)
rNeg    + + .      Spirit   .   b - +0 robe
rPois   .          Reflect  .   (helmet restricted)
rElec   .          Harm     .   (no cloak)
rCorr   .          Rampage  .   (gloves unavailable)
Will    .....                   (boots unavailable)
Stlth   +.........              (no amulet)
HPRegen 0.98/turn               m - ring of positive energy
MPRegen 0.09/turn               r - ring of positive energy

@: no status effects
A: large, unfitting armour, claws 3, regeneration 1, shaggy fur 1, tough skin 1
a: Renounce Religion, Potion Petition, Call Merchant, Bribe Branch


You were on level 5 of the Dungeon.
You worshipped Gozag.
Gozag was aware of your devotion.
You visited 2 branches of the dungeon, and saw 6 of its levels.

You collected 372 gold pieces.
You paid 74 gold pieces to Gozag.

Inventory:

Hand Weapons
 h - a +0 whip (weapon)
 k - a +2 short sword of electrocution
Missiles
 c - 5 large rocks (quivered)
 d - 2 throwing nets
Armour
 b - a +0 robe (worn)
Jewellery
 m - a ring of positive energy (left claw)
 r - a ring of positive energy (right claw)
Scrolls
 e - 2 scrolls of enchant weapon {unknown}
 l - 2 scrolls of identify
 n - 3 scrolls of teleportation
Potions
 a - a potion of haste
 f - a potion of brilliance {unknown}
 g - 2 potions of heal wounds
 i - a potion of lignification
 j - a potion of berserk rage
 o - a potion of attraction
 p - a potion of degeneration {unknown}
 q - 2 potions of cancellation {unknown}


   Skills:
 - Level 1.5 Fighting
 * Level 3.9 Maces & Flails
 + Level 4.8 Throwing
 + Level 3.3 Dodging
 - Level 0.3 Stealth


You had 5 spell levels left.
You didn't know any spells.
Your spell library was empty.

Dungeon Overview and Level Annotations

Branches:
Dungeon (5/15)             Temple (1/1) D:4

Altars:
Dithmenos
Gozag
Hepliaklqana
Makhleb
Qazlal
The Shining One

Annotations:
D:3 2 transporters, Zippel's ghost, weakling OgWr


Innate Abilities, Weirdness & Mutations

You are too large for most types of armour.
You have claws for hands.
Your natural rate of healing is unusually fast.
You are covered in fur. (AC +1)
You have tough skin. (AC +1)


Message History

There is an open door here.
You open the door.
There is an open door here.
You open the door.
There is an open door here.
You open the door.
There is an open door here.
You open the door.
There is an open door here.
You open the door.
An ogre comes into view. It is wielding a +0 giant club.
The ogre shouts!
There is an open door here.
You completely miss the ogre. The ogre closely misses you.
You hit the ogre.
The ogre is lightly wounded.
The ogre hits you with a +0 giant club!!
You hit the ogre.
The ogre is moderately wounded.
You hit the ogre but do no damage.
The ogre is moderately wounded.
The ogre hits you with a +0 giant club!!
* * * LOW HITPOINT WARNING * * *
You are too injured to fight recklessly!
You are too injured to fight recklessly!
There is an open door here.
There is an open door here.
You barely miss the ogre.
The ogre is moderately wounded.
The ogre hits you with a +0 giant club!
* * * LOW HITPOINT WARNING * * *
You hear a croak.
You hit the ogre.
The ogre is moderately wounded.
A bullfrog comes into view.
You hit the ogre.
The ogre is heavily wounded.
The ogre hits you with a +0 giant club!!
You die...
Your body crumbles into a pile of gold.

..##+#...#+#.#####.#+#...#'
.....#...#.....#.....#...#.
.....##'##.....'.....##'##.
.........#.....#.....#...#.
.........#'#.#####.#+#...#+
...........#.+...'.#.......
..#..###..####...#####...##
. #.. #...O#.......#.'...+.
... #...@#+#...#'#.#####.
#... #....# #...#.....#...
#.. #...F# ##+##.....'...
....... #.....#...
....##.... #+#.###.## ....
#.... #.'...## #.. #....
####..# ## ...... #.## #.#


You could see an ogre and a bullfrog.

Vanquished Creatures
  An ogre (D:4)
  A scorpion (D:4)
  A hound (D:3)
  An iguana (D:4)
  An orc wizard (D:4)
  8 gnolls
  An adder (D:4)
  An ufetubus (D:3)
  A dart slug (D:1)
  3 orcs (D:4)
  6 ball pythons
  7 bats
  6 endoplasms
  3 giant cockroaches
  12 hobgoblins
  3 jackals (D:2)
  8 kobolds
  8 quokkas
  A frilled lizard (D:3)
  8 goblins
  A rat (D:2)
82 creatures vanquished.

Vanquished Creatures (others)
  A plant (D:1)
1 creature vanquished.

Grand Total: 83 creatures vanquished

Notes
Turn   | Place    | Note
-------+----------+-------------------------------------------
     0 | D:1      | Jerry the Troll Hunter began the quest for the Orb.
     0 | D:1      | Reached XP level 1. HP: 19/19 MP: 0/0
    59 | D:1      | Reached XP level 2. HP: 27/27 MP: 1/1
   423 | D:1      | Reached skill level 4 in Throwing
   693 | D:2      | Reached skill level 1 in Maces & Flails
   693 | D:2      | Reached XP level 3. HP: 33/33 MP: 2/2
   762 | D:2      | Found a faded altar of an unknown god.
  1609 | D:2      | Reached XP level 4. HP: 23/41 MP: 3/3
  1666 | D:3      | Found a hazy altar of Hepliaklqana.
  1856 | D:3      | Identified the +6 great mace "Wusey" {elec, rF+}
  1856 | D:3      | Noticed an ogre
  1856 | D:3      | Noticed Zippel's ghost (weakling OgWr)
  1857 | D:3      | Found a transporter.
  1857 | D:3      | Found a transporter.
  1858 | D:3      | Noticed an ogre
  2243 | D:4      | Noticed an ogre
  2249 | D:4      | Killed an ogre
  2250 | D:4      | Reached XP level 5. HP: 48/48 MP: 4/4
  2418 | D:4      | Found a staircase to the Ecumenical Temple.
  2433 | Temple   | Entered the Ecumenical Temple
  2478 | Temple   | Became a worshipper of Gozag Ym Sagoz the Greedy
  2642 | D:4      | Reached XP level 6. HP: 55/55 MP: 5/5
  3119 | D:5      | Entered Level 5 of the Dungeon
  3559 | D:5      | Demolished by an ogre

Illustrated notes

Levels and vault maps discovered:
D:1:      denvon_arrival_planthouse, layout_rooms, minmay_tree_intersection,
          roderic_lattice_a
D:2:      kennysheep_big_flooded_room, layout_loops_ring,
          hellmonk_ecumenical_altar_lost_god, minmay_misc_feat_room,
          amcnicky_mini_rare_corridor_liquid,
          nicolae_concentric_dashed_squares_wild
D:3:      layout_loops_ring, nicolae_hepliaklqana_hazy_memory,
          gammafunk_ghost_smash
D:4:      layout_rooms, minmay_temple_entry_junction_2, kennysheep_dice
D:5:      nicolae_cairo_tiling_large, layout_cave_pools,
          mainiacjoe_overflow_large_starburst, minmay_misc_feat_more_columns,
          minmay_checkerbox
Temple:   minmay_crystal_spiral_temple

Skill      XL: |  1  2  3  4  5 |
---------------+----------------+-----
Dodging        | 2 3 |  3.3
Throwing       | 4 |  4.8
Maces & Flails | 1 2 3 |  3.9
Fighting       | |  1.5
Stealth        | |  0.3

Action                   |  1- 3 |  4- 6 || total
-------------------------+-------+-------++-------
Melee: Short sword       |   119 |    94 ||   213
       Punch             |     1 |     2 ||     3
       Whip              |    46 |    57 ||   103
Throw: Large rock        |       |     4 ||     4
  Use: Potion            |       |     2 ||     2
       Scroll            |       |     8 ||     8
 Stab: Sleeping          |     1 |       ||     1
Armor: Robe              |    60 |    63 ||   123
Dodge: Dodged            |    87 |   127 ||   214
